 Dungeon Crawl Stone Soup version 0.23-a0-307-gc3b755d (webtiles) character file.

57321 tilp the Spear-Bearer (level 14, -11/106 HPs)
             Began as a Merfolk Ice Elementalist on Oct 10, 2018.
             Was a High Priest of Makhleb.
             Mangled by an ettin
             ... wielding a +0 dire flail
              (23 damage)
             ... on level 1 of the Orcish Mines.
             The game lasted 01:44:32 (27058 turns).

tilp the Spear-Bearer (Merfolk Ice Elementalist)   Turns: 27058, Time: 01:44:33

Health: -11/106    AC: 15    Str: 11    XL:     14   Next: 85%
Magic:  19/35      EV: 19    Int: 18    God:    Makhleb [*****.]
Gold:   1681       SH:  0    Dex: 16    Spells: 11/29 levels left

rFire    . . .     SeeInvis +   T - +1 demon trident (pain)
rCold    . . .     Gourm    .   (no shield)
rNeg     . . .     Faith    .   k - +2 leather armour {MR+}
rPois    +         Spirit   .   j - +2 helmet
rElec    .         Reflect  .   h - +2 cloak
rCorr    .         Harm     .   I - +1 pair of gloves {Str+3}
MR       ++...                  y - +1 pair of boots
Stlth    ++........             G - amulet of magic regeneration
HPRegen  0.27/turn              g - ring of poison resistance
MPRegen  0.49/turn              v - ring of Holep {MP+9 Slay+2 SInv}

@: no status effects
A: change form in water, swift swim, stealthy swim
a: Minor Destruction, Lesser Servant of Makhleb, Major Destruction, Greater
Servant of Makhleb, Renounce Religion


You were on level 1 of the Orcish Mines.
You worshipped Makhleb.
Makhleb was extremely pleased with you.
You were not hungry.

You visited 4 branches of the dungeon, and saw 20 of its levels.
You also visited: Ossuary.

You collected 2141 gold pieces.
You spent 460 gold pieces at shops.

Inventory:

Hand Weapons
 Q - a +0 glaive
 T - a +1 demon trident of pain (weapon)
Missiles
 K - 17 tomahawks (quivered)
 U - 4 steel javelins
 W - 204 arrows
Armour
 b - a +1 robe of fire resistance
 h - a +2 cloak (worn)
 j - a +2 helmet (worn)
 k - a +2 leather armour of magic resistance (worn)
 y - a +1 pair of boots (worn)
 A - a +2 robe of fire resistance
 H - a +0 robe of cold resistance
 I - a +1 pair of gloves of strength (worn)
Jewellery
 a - a cursed -3 ring of dexterity
 g - a ring of poison resistance (left hand)
 v - the ring of Holep (right hand) {MP+9 Slay+2 SInv}
   (You found it on level 3 of the Lair of Beasts)

   [ring of magical power]

   It affects your accuracy and damage with ranged weapons and melee attacks
   (+2).
   It affects your magic capacity (+9).
   It lets you see invisible.
 G - an amulet of magic regeneration (around neck)
 O - a +4 ring of strength
 Z - a cursed amulet of inaccuracy {unknown}
Wands
 o - a wand of paralysis (56)
 q - a wand of acid (24)
 F - a wand of polymorph (28)
 N - a wand of disintegration (14)
 P - a wand of clouds (5)
 S - a wand of digging (4)
 V - a wand of iceblast (8)
Scrolls
 d - a scroll of vulnerability {unknown}
 e - 8 scrolls of teleportation
 i - 3 scrolls of amnesia
 p - 4 scrolls of enchant weapon
 r - 5 scrolls of fog
 w - 9 scrolls of remove curse
 z - 2 scrolls of blinking
 M - 5 scrolls of magic mapping
Potions
 s - 5 potions of heal wounds
 t - 6 potions of agility
 u - a potion of brilliance
 B - 3 potions of cancellation
 C - 5 potions of lignification
 D - 3 potions of mutation
 E - 2 potions of might
 J - 4 potions of flight
 L - 4 potions of curing
 R - 4 potions of ambrosia
 X - a potion of haste
Miscellaneous
 f - a sack of spiders
Comestibles
 c - 26 rations
 l - 30 chunks of flesh


   Skills:
 + Level 8.4 Fighting
 - Level 14.5 Polearms
 + Level 10.5 Dodging
 - Level 2.1 Stealth
 + Level 8.1 Spellcasting
 - Level 6.0 Conjurations
 - Level 8.1 Charms
 - Level 6.0 Necromancy
 - Level 4.0 Transmutations
 - Level 12.1 Ice Magic
 - Level 5.0 Invocations
 - Level 8.0 Evocations


You had 11 spell levels left.
You knew the following spells:

 Your Spells              Type           Power        Failure   Level  Hunger
a - Freeze                Ice            ####         1%          1    None
b - Throw Frost           Conj/Ice       #####.       1%          2    None
c - Ozocubu's Armour      Chrm/Ice       #####...     1%          3    #......
d - Throw Icicle          Conj/Ice       #####...     3%          4    ###....
e - Regeneration          Chrm/Necr      ####......   1%          3    #......
f - Sticks to Snakes      Tmut           ###.....     3%          2    None
g - Conjure Flame         Conj/Fire      ###.....     11%         3    #......

Your spell library contained the following spells:

 Spells                   Type           Power        Failure   Level  Hunger
 Animate Skeleton         Necr           N/A          1%          1    None
 Pain                     Necr           ####         1%          1    None
 Beastly Appendage        Tmut           ###...       2%          1    None
 Flame Tongue             Conj/Fire      ###..        3%          1    None
 Vampiric Draining        Necr           ####......   3%          3    #......
 Ice Form                 Ice/Tmut       #####...     4%          4    ###....
 Throw Flame              Conj/Fire      ###...       5%          2    None
 Animate Dead             Necr           N/A          11%         4    ###....
 Summon Ice Beast         Ice/Summ       ####....     11%         4    ###....
 Summon Small Mammal      Summ           #...         13%         1    None
 Spider Form              Tmut/Pois      ##........   17%         3    #......
 Call Imp                 Summ           #.......     19%         2    None
 Call Canine Familiar     Summ           #.......     36%         3    #......
 Inner Flame              Hex/Fire       #.......     36%         3    #......
 Summon Guardian Golem    Hex/Summ       #.......     36%         3    #......
 Sticky Flame             Conj/Fire      ###.....     36%         4    ###....
 Blade Hands              Tmut           ###.......   56%         5    #####..
 Fireball                 Conj/Fire      ###.......   71%         5    #####..
 Cause Fear               Hex            #.........   77%         4    ###....
 Summon Lightning Spire   Summ/Air       #.......     77%         4    ###....
 Bolt of Fire             Conj/Fire      ###.......   99%         6    ######.
 Dragon Form              Tmut           ###.......   100%        7    #######
 Dragon's Call            Summ           #.........   100%        9    #######


Dungeon Overview and Level Annotations

Branches:
Dungeon (11/15)            Temple (1/1) D:4            Lair (6/6) D:8
 Shoals (0/4) Lair:3        Snake (0/4) Lair:4        Slime (0/5) Lair:6
    Orc (2/2) D:9             Elf (0/3) Orc:2

Altars:
Ashenzari
Cheibriados
Dithmenos
Elyvilon
Fedhas
Gozag
Kikubaaqudgha
Makhleb
Nemelex Xobeh
Okawaru
Ru
Trog
Vehumet
Wu Jian
Yredelemnul
Zin
The Shining One
Beogh
Jiyva

Shops:
D:4 ?%   D:8 (*   D:10 ?

Annotations:
D:8 Erica
D:10 3 runed doors, Nothiyco's ghost, journeyman HOFi
D:11 1 runed door, Zleub's ghost, novice MfSk
Orc:1 Fannar
Orc:2 exclusion: upstairs


Message History

Confirm with . or Enter, or press ? or * to list all spells.
Aiming: Throw Icicle (safe; 3% risk of failure)
Press: ? - help, Shift-Dir - straight line, f/p - ettin
Aim: an ettin, wielding two dire flails (severely wounded)
The shard of ice hits the ettin.
The ettin is severely wounded.
The ettin hits you with a dire flail!!
* * * LOW HITPOINT WARNING * * *
The ettin barely misses you.
Your neqoxec hits the ettin but does no damage.
Your icy armour cracks and falls away as you move.
Your skin stops crawling.
Casting: Throw Icicle (safe; 3% risk of failure)
Confirm with . or Enter, or press ? or * to list all spells.
Aiming: Throw Icicle (safe; 3% risk of failure)
Press: ? - help, Shift-Dir - straight line, f/p - ettin
Aim: an ettin, wielding two dire flails (severely wounded)
The shard of ice misses the ettin.
The ettin closely misses you. The ettin hits you with a dire flail!!
You die...

###......................#
###................##..##
##.#.#................#
######...###..............####
#.##.#...##..................##
........#..#..................#
#.##..................#......##
#####.....(...3C.............##
##.#.##.......@.#...........##
#......#.....................#
###.#....#..............#....##
##.##..#.....##........##.#.#.##
#...........##.................#
...........####...#...........##
#.##.###..## ##.###.....##..##
###### #### ### ###########


You could see an ettin and a friendly neqoxec.

Vanquished Creatures
  2 stone giants (Orc:1)
  Josephine (Orc:1)
  Harold (D:9)
  A catoblepas (Lair:6)
  3 hydras
  A two-headed ogre (D:11)
  A queen ant (D:9)
  The ghost of tilp the Nimble, a novice MfIE of Makhleb (D:8)
  A swamp dragon (Lair:6)
  The ghost of coffeespoons the Grappler, a novice TrMo of Makhleb (D:7)
  3 orc knights
  A lindwurm (Lair:5)
  An orc sorcerer (Orc:2)
  A necromancer (Lair:3)
  A manticore (Lair:3)
  2 cyclopes
  2 ugly things (D:11)
  Joseph (D:9)
  3 elephants (Lair:2)
  A guardian serpent (Lair:6)
  A gargoyle (D:10)
  6 black mambas
  Maurice (D:10)
  A centaur skeleton (D:11)
  11 spiny frogs
  2 rime drakes
  8 komodo dragons
  A queen bee (D:9)
  2 trolls
  A hornet (Lair:6)
  14 blink frogs
  Grinder (D:3)
  7 hippogriffs
  2 redbacks (Lair:6)
  Sigmund (D:2)
  3 wraiths
  42 yaks
  9 wyverns
  Grum (D:9)
  2 steam dragons (Lair:6)
  2 hungry ghosts
  2 basilisks
  4 wargs
  19 soldier ants (D:9)
  4 acid dragons (Lair:6)
  12 water moccasins
  6 porcupines
  3 black bears
  13 orc warriors
  2 sky beasts
  4 phantoms
  10 wolves
  4 ogres
  12 centaurs
  11 crocodiles
  A big kobold (D:9)
  An elf zombie (Ossuary)
  16 bullfrogs
  4 scorpions
  23 killer bees
  2 electric eels (Lair:2)
  3 howler monkeys
  8 crimson imps
  3 jellies
  4 centaur zombies
  8 hounds
  6 quasits
  5 bullfrog zombies
  A gnoll shaman (D:3)
  13 orc priests
  10 orc wizards
  3 human zombies (Ossuary)
  Jessica (D:2)
  Ijyb (D:3)
  4 iguanas
  34 worker ants
  3 yak simulacra (Lair:3)
  4 polar bear simulacra (Lair:3)
  2 hound zombies
  2 mummies (Ossuary)
  Robin (D:2)
  13 gnolls
  9 adders
  6 shadow imps
  An adder zombie (Ossuary)
  An adder skeleton (D:3)
  3 worms
  A dart slug (D:5)
  7 leopard geckos
  49 orcs
  A ball python (D:6)
  3 giant cockroaches
  16 goblins
  7 hobgoblins
  17 jackals
  5 quokkas
  10 bats
  2 frilled lizards (D:1)
  9 hobgoblin zombies (Ossuary)
  A jackal skeleton (D:4)
  2 jackal zombies (Ossuary)
  13 kobolds
  7 kobold zombies (Ossuary)
  A leopard gecko zombie (D:8)
  11 orc zombies (Ossuary)
  3 rats
  A rat zombie (Ossuary)
  4 river rat simulacra (Lair:3)
  A plant (Lair:2)
620 creatures vanquished.

Vanquished Creatures (collateral kills)
  A fire dragon (Lair:6)
  A hydra (Lair:1)
  Urug (D:10)
  Nergalle (Lair:2)
  A wolf spider (Lair:6)
  A black mamba (Lair:4)
  2 elephants (Lair:2)
  3 spiny frogs
  A hornet (Lair:6)
  4 wyverns
  A yak (Lair:3)
  2 wraiths (D:9)
  A basilisk (Lair:4)
  A water moccasin (Lair:4)
  A swamp drake (Lair:6)
  2 porcupines (Lair:2)
  2 orc warriors (D:9)
  A black bear (D:10)
  A bullfrog (Lair:2)
  A wyvern skeleton (D:10)
  An orc priest (D:9)
  A killer bee zombie (D:10)
  2 gnolls (Orc:1)
33 creatures vanquished.

Vanquished Creatures (others)
  24 fungi
  55 plants
79 creatures vanquished.

Grand Total: 732 creatures vanquished

Notes
Turn   | Place    | Note
-------+----------+-------------------------------------------
     0 | D:1      | tilp the Merfolk Ice Elementalist began the quest for the
                  | Orb.
     0 | D:1      | Reached XP level 1. HP: 13/13 MP: 3/3
   192 | D:1      | Reached XP level 2. HP: 3/19 MP: 0/5
   942 | D:1      | Learned a level 2 spell: Throw Frost
  1025 | D:2      | Reached XP level 3. HP: 24/24 MP: 6/6
  1030 | D:2      | Learned a level 3 spell: Ozocubu's Armour
  1163 | D:2      | Noticed Sigmund
  1235 | D:2      | Noticed Jessica
  1519 | D:2      | Noticed Robin
  1541 | D:2      | Reached skill level 5 in Ice Magic
  1593 | D:2      | Reached XP level 4. HP: 30/30 MP: 5/7
  1594 | D:2      | Killed Robin
  2190 | D:3      | Found an opulent altar of Gozag.
  2499 | D:3      | Reached XP level 5. HP: 35/35 MP: 8/8
  2513 | D:3      | Noticed Grinder
  2657 | D:3      | Found a sparkling altar of Nemelex Xobeh.
  2795 | D:3      | Noticed Ijyb
  2839 | D:4      | Found a glowing silver altar of Zin.
  2851 | D:4      | Reached skill level 1 in Fighting
  3011 | D:3      | Reached XP level 6. HP: 19/44 MP: 0/9
  3572 | D:4      | Found Keptesk's Magic Scroll Boutique.
  3593 | D:4      | Reached skill level 5 in Dodging
  3629 | D:4      | Bought a scroll of enchant armour for 90 gold pieces
  3629 | D:4      | Bought a scroll of identify for 24 gold pieces
  3629 | D:4      | Bought a scroll of identify for 24 gold pieces
  3629 | D:4      | Bought a scroll of blinking for 90 gold pieces
  3707 | D:4      | Found Yneryr's Food Shoppe.
  3795 | D:4      | Found a staircase to the Ecumenical Temple.
  3816 | D:4      | Found an ancient bone altar of Kikubaaqudgha.
  3835 | Temple   | Entered the Ecumenical Temple
  3888 | Temple   | Became a worshipper of Makhleb the Destroyer
  4064 | D:4      | Noticed a phantom
  4289 | D:5      | Entered Level 5 of the Dungeon
  4334 | D:5      | Reached XP level 7. HP: 51/54 MP: 9/10
  4423 | D:5      | Reached skill level 1 in Conjurations
  4457 | D:5      | Found a sand-covered staircase.
  4462 | Ossuary  | Entered an ossuary
  4849 | Ossuary  | Reached * piety under Makhleb
  4924 | Ossuary  | Reached skill level 1 in Charms
  4924 | Ossuary  | Reached skill level 1 in Invocations
  4967 | Ossuary  | Reached skill level 1 in Evocations
  5255 | Ossuary  | Reached XP level 8. HP: 43/60 MP: 11/11
  5812 | D:5      | Reached ** piety under Makhleb
  6385 | D:6      | Reached XP level 9. HP: 61/65 MP: 15/15
  6658 | D:4      | Bought a scroll of enchant armour for 90 gold pieces
  6916 | D:7      | Reached skill level 5 in Invocations
  6950 | D:7      | Found a basalt altar of Yredelemnul.
  7232 | D:7      | You fall through a shaft!
  7239 | D:8      | Reached skill level 5 in Spellcasting
  7260 | D:8      | Found Qoedd's Antique Weapon Shoppe.
  7275 | D:8      | Reached skill level 5 in Evocations
  7622 | D:7      | Found a large runed door.
  7622 | D:7      | Found a large runed door.
  7622 | D:7      | Noticed coffeespoons's ghost (novice TrMo)
  7908 | D:8      | Found Joahunec's General Store.
  8024 | D:8      | Reached *** piety under Makhleb
  8062 | D:8      | Noticed Erica
  8324 | D:8      | Reached XP level 10. HP: 71/71 MP: 19/19
  8334 | D:8      | Found a transporter.
  8338 | D:8      | Noticed tilp's ghost (novice MfIE)
  8543 | D:8      | Found a radiant altar of Vehumet.
  8604 | D:8      | Found a transporter.
  8662 | D:8      | Found a staircase to the Lair.
  8797 | D:9      | Learned a level 4 spell: Throw Icicle
  8802 | D:9      | Noticed Grum
  8820 | D:9      | Killed Grum
  9121 | D:9      | Reached skill level 10 in Ice Magic
  9355 | D:9      | Reached skill level 5 in Fighting
  9420 | D:9      | Noticed Joseph
  9420 | D:9      | Noticed a queen ant
  9468 | D:9      | Killed Joseph
  9804 | D:9      | Reached **** piety under Makhleb
  9939 | D:9      | Reached XP level 11. HP: 79/81 MP: 19/20
 10289 | D:9      | Killed a queen ant
 10363 | D:9      | Found a staircase to the Orcish Mines.
 10513 | D:9      | Got a dazzling great sword
 11212 | D:9      | Found a sacrificial altar of Ru.
 11223 | D:9      | Found an ornate altar of the Wu Jian Council.
 11269 | D:9      | Found a white marble altar of Elyvilon.
 11395 | D:10     | Entered Level 10 of the Dungeon
 11457 | D:10     | Found Osijais's Magic Scroll Shop.
 11465 | D:10     | Bought a scroll of magic mapping for 52 gold pieces
 11465 | D:10     | Bought a scroll of identify for 30 gold pieces
 11465 | D:10     | Bought a scroll of identify for 30 gold pieces
 11465 | D:10     | Bought a scroll of identify for 30 gold pieces
 11469 | D:10     | Identified a scroll of acquirement
 11501 | D:10     | Reached ***** piety under Makhleb
 11518 | D:10     | Noticed Maurice
 11536 | D:10     | Killed Maurice
 11990 | D:10     | Reached skill level 10 in Dodging
 12134 | D:10     | Found a runed gate.
 12134 | D:10     | Found a runed gate.
 12134 | D:10     | Found a runed gate.
 12136 | D:10     | Noticed Nothiyco's ghost (journeyman HOFi)
 12214 | D:10     | Noticed Urug
 12745 | D:2      | Killed Jessica
 12753 | D:2      | Killed Sigmund
 12950 | D:3      | Killed Ijyb
 13048 | D:3      | Killed Grinder
 13573 | Lair:1   | Entered Level 1 of the Lair of Beasts
 13904 | Lair:1   | Reached XP level 12. HP: 92/92 MP: 5/21
 13960 | Lair:1   | Noticed a seven-headed hydra
 14011 | Lair:1   | Killed a seven-headed hydra
 14640 | Lair:1   | Identified the cursed +0 great sword of the Mushroom
                  | {venom, MR+} (You found it on level 9 of the Dungeon)
 14848 | Lair:1   | Learned a level 3 spell: Regeneration
 15143 | Lair:1   | Reached skill level 1 in Polearms
 15596 | Orc:1    | Entered Level 1 of the Orcish Mines
 15605 | Orc:1    | Noticed Josephine
 15615 | D:9      | Reached skill level 2 in Polearms
 15741 | D:10     | Killed Urug
 16407 | D:10     | Learned a level 2 spell: Sticks to Snakes
 16625 | D:11     | Reached skill level 3 in Polearms
 16726 | D:11     | Noticed a two-headed ogre
 16753 | D:11     | Noticed an eight-headed hydra
 17246 | Lair:2   | Reached skill level 4 in Polearms
 17585 | Lair:2   | Reached skill level 5 in Polearms
 17814 | Lair:2   | Reached skill level 6 in Polearms
 18012 | Lair:2   | Reached skill level 7 in Polearms
 18028 | Lair:2   | Noticed Nergalle
 18038 | Lair:2   | Killed Nergalle
 18038 | Lair:2   | Reached skill level 8 in Polearms
 18386 | Lair:2   | Reached skill level 9 in Polearms
 18836 | Lair:3   | Found a staircase to the Shoals.
 18878 | Lair:3   | Reached skill level 10 in Polearms
 19030 | Lair:3   | Reached XP level 13. HP: 98/98 MP: 17/24
 19170 | Lair:3   | Reached skill level 11 in Polearms
 19293 | Lair:3   | Reached skill level 12 in Polearms
 19840 | Lair:3   | Got a crude bone ring
 19999 | Lair:4   | Reached skill level 13 in Polearms
 20146 | Lair:4   | Identified the ring of Holep {MP+9 Slay+2 SInv} (You found
                  | it on level 3 of the Lair of Beasts)
 20577 | Lair:4   | Found a staircase to the Snake Pit.
 20941 | Lair:5   | Reached skill level 14 in Polearms
 20963 | Lair:5   | Learned a level 3 spell: Conjure Flame
 21660 | Lair:6   | Entered Level 6 of the Lair of Beasts
 21692 | Lair:6   | Reached skill level 1 in Transmutations
 21727 | Lair:6   | Reached skill level 1 in Necromancy
 22059 | Lair:6   | Reached skill level 5 in Charms
 22777 | Lair:6   | Reached XP level 14. HP: 105/105 MP: 26/26
 22873 | Lair:6   | Found a viscous altar of Jiyva.
 22873 | Lair:6   | Found a staircase to the Slime Pits.
 24338 | D:7      | Killed coffeespoons's ghost
 24483 | D:8      | Killed tilp's ghost
 24759 | D:11     | Reached skill level 5 in Conjurations
 24913 | D:11     | Found a runed door.
 25251 | D:11     | Noticed Zleub's ghost (novice MfSk)
 25545 | Orc:1    | Noticed Harold
 25643 | Orc:1    | Noticed a stone giant
 25667 | D:9      | Killed Harold
 25667 | D:9      | Reached skill level 5 in Necromancy
 25694 | Orc:1    | Killed a stone giant
 25757 | Orc:1    | Found a roughly hewn altar of Beogh.
 25789 | Orc:1    | Killed Josephine
 25966 | Orc:2    | Entered Level 2 of the Orcish Mines
 26472 | Orc:1    | Noticed a stone giant
 26499 | Orc:1    | Killed a stone giant
 26641 | Orc:1    | Noticed Fannar
 26692 | Orc:2    | Found a staircase to the Elven Halls.
 26954 | Orc:2    | Found a roughly hewn altar of Beogh.
 27058 | Orc:1    | Mangled by an ettin

Vault maps used:
D:1:      minmay_arrival_semitransparent
D:2:      uniq_jessica, uniq_sigmund, uniq_robin
D:3:      nemelex_xobeh_ov_fountains_minmay, kennysheep_minor_cross,
          nicolae_gozag_seed_capital, uniq_ijyb, uniq_grinder
D:4:      kennysheep_mini_moat, nicolae_overflow_hidden_temple,
          minmay_temple_entry_enclosed_plants, first_ration, serial_shops, shop,
          shop
D:5:      lightli_ossuary_entry_decrepit_ruins, hangedman_abyss_or_decor_stagger
D:7:      yredelemnul_altar_generic, ebering_ghost_disaster_area
D:8:      vehumet_crystals, grunt_lair_entry_orc_guard_hut, serial_shops,
          kennysheep_mini, shop, gammafunk_ghost_stat_death, uniq_erica
D:9:      grunt_temple_overflow_open, orc_0_dummy, david_nohive_1,
          minmay_misc_feat_ornament, minmay_variable_closet, minivault_29,
          uniq_joseph, uniq_grum
D:10:     serial_shops, shop, gammafunk_ghost_necromancy, bh_chokoban,
          uniq_urug, uniq_maurice
D:11:     ebering_ghost_funeral_grove, st_stairs_5
Temple:   jpeg_temple_clearing
Lair:1:   serial_bayou_crossing
Lair:2:   serial_bayou, serial_bayou_lagoon_b, serial_bayou_pond_c,
          serial_bayou_pond_b, serial_bayou_pond_d, uniq_nergalle
Lair:3:   minmay_shoals_entry_beasts, columned_hall_lemuel,
          eino_house_with_fridge
Lair:4:   dummy_snake_entry
Lair:5:   statuecave_lemuel
Lair:6:   guppyfry_lair_end_dragon, hangedman_lair_tendril_chambers,
          dpeg_slime_entry_enclosed_altar
Orc:1:    basic_altar, uniq_fannar, uniq_josephine, uniq_harold
Orc:2:    st_orc_ogre_mass, mines1_david
Ossuary:  ossuary_tomb_1

Skill      XL: |  1  2  3  4  5  6  7  8  9 10 11 12 13 14 |
---------------+-------------------------------------------+-----
Ice Magic      | 4 5 6 7 10 11 12 | 12.1
Dodging        | 4 5 6 8 10 | 10.5
Fighting       | 2 4 6 8 |  8.4
Conjurations   | 1 2 3 6 |  6.0
Charms         | 1 4 5 8 |  8.1
Invocations    | 2 4 5 |  5.0
Evocations     | 1 3 5 7 8 |  8.0
Spellcasting   | 4 6 7 8 |  8.1
Polearms       | 10 14 | 14.5
Transmutations | 4 |  4.0
Necromancy     | 2 6 |  6.0
Stealth        | |  2.1

Action                   |  1- 3 |  4- 6 |  7- 9 | 10-12 | 13-15 || total
-------------------------+-------+-------+-------+-------+-------++-------
Melee: Whip              |   101 |   167 |   307 |   890 |       ||  1465
       Spear             |     9 |       |       |       |       ||     9
       Dagger            |       |       |   410 |   172 |       ||   582
       Demon trident     |       |       |       |    39 |  1072 ||  1111
       Tailslap          |       |       |       |    16 |       ||    16
Throw: Tomahawk          |       |       |       |    14 |    12 ||    26
 Cast: Freeze            |     9 |    17 |    39 |   147 |    69 ||   281
       Ozocubu's Armour  |     1 |     5 |    33 |    83 |   107 ||   229
       Throw Frost       |       |     4 |    18 |    88 |    92 ||   202
       Throw Icicle      |       |       |       |    45 |    79 ||   124
       Regeneration      |       |       |       |     9 |    38 ||    47
       Sticks to Snakes  |       |       |       |       |     3 ||     3
       Conjure Flame     |       |       |       |       |     4 ||     4
Invok: Lesser Servant of |       |       |       |    15 |    22 ||    37
Evoke: Wand              |       |       |     2 |     2 |       ||     4
  Use: Potion            |     1 |     2 |     1 |       |     2 ||     6
       Scroll            |     5 |    11 |     2 |     8 |     7 ||    33
 Stab: Sleeping          |     5 |     3 |       |     2 |       ||    10
       Distracted        |       |       |       |     1 |     4 ||     5
  Eat: Chunk             |     2 |    10 |    10 |    37 |    34 ||    93
       Ration            |       |       |     5 |     3 |     1 ||     9
Armor: Leather armour    |    40 |    74 |   366 |   440 |   271 ||  1191
       Robe              |     2 |       |       |       |       ||     2
Dodge: Dodged            |    72 |   145 |   689 |  1130 |   788 ||  2824

Table legend:
 A = Non-vault XP
 B = Vault XP
 C = Vault XP percentage of total XP
 D = Non-vault monster count
 E = Vault monster count
 F = Vault count percentage of total count
                 A         B        C        D         E       F
            +---------+---------+-------+---------+---------+-------
      Total |   52555 |   29333 |  35.8 |     448 |     204 |  31.3
            +---------+---------+-------+---------+---------+-------
        D:1 |      27 |       0 |   0.0 |      19 |       0 |   0.0
        D:2 |      49 |     303 |  86.1 |      11 |      15 |  57.7
        D:3 |     157 |     308 |  66.2 |      26 |       2 |   7.1
        D:4 |     443 |       0 |   0.0 |      22 |       0 |   0.0
        D:5 |     552 |       0 |   0.0 |      21 |       0 |   0.0
        D:6 |    1116 |       0 |   0.0 |      23 |       0 |   0.0
        D:7 |     803 |     679 |  45.8 |      15 |       1 |   6.2
        D:8 |     976 |    1726 |  63.9 |      28 |      12 |  30.0
        D:9 |    4491 |    7926 |  63.8 |      42 |      64 |  60.4
       D:10 |    2034 |     847 |  29.4 |      26 |       2 |   7.1
       D:11 |    5468 |    1020 |  15.7 |      38 |       4 |   9.5
     Lair:1 |    3565 |       0 |   0.0 |      16 |       0 |   0.0
     Lair:2 |    6845 |    1913 |  21.8 |      31 |       5 |  13.9
     Lair:3 |    5273 |    1608 |  23.4 |      23 |      14 |  37.8
     Lair:4 |    3813 |       0 |   0.0 |      17 |       0 |   0.0
     Lair:5 |    2878 |       0 |   0.0 |      12 |       0 |   0.0
     Lair:6 |    6491 |   11468 |  63.9 |      24 |      44 |  64.7
      Orc:1 |    5145 |    1154 |  18.3 |      25 |       2 |   7.4
      Orc:2 |    2429 |       0 |   0.0 |      29 |       0 |   0.0
    Ossuary |       0 |     381 | 100.0 |       0 |      39 | 100.0
            +---------+---------+-------+---------+---------+-------
